 Dungeon Crawl Stone Soup version 0.30-a0-718-geaa24f58ff (webtiles) character file.

Game seed: 8842987587300258536

228 CrazyBamboolord the Sneak (level 6, -5/38 HPs)
             Began as a Kobold Monk on Jan 25, 2023.
             Slain by a bullfrog (7 damage)
             ... in a sewer.
             The game lasted 00:05:37 (2199 turns).

CrazyBamboolord the Sneak (Kobold Monk)             Turns: 2199, Time: 00:05:37

Health: -5/38      AC:  3    Str:  8    XL:     6   Next: 22%
Magic:  6/6        EV: 14    Int: 12    God:
Gold:   46         SH:  0    Dex: 19    Spells: 5/5 levels left

rFire   . . .      SeeInvis .    e - +3 dagger (drain)
rCold   . . .      Faith    .    (no shield)
rNeg    . . .      Spirit   .    b - +1 robe
rPois   +          Reflect  .    (no helmet)
rElec   .          Harm     .    (no cloak)
rCorr   .          Rampage  .    (no gloves)
Will    .....                    (no boots)
Stlth   +                        (no amulet)
HPRegen 0.26/turn                j - ring of poison resistance
MPRegen 0.10/turn                (no ring)

@: confused, lethally poisoned (-5 -> -8), weak-willed, ambrosia-drunk,
constricted, very slow
A: small, no large weapons, nightstalker 3
a: no special abilities


You were in a sewer.
You visited 1 branch of the dungeon, and saw 3 of its levels.
You also visited: Sewer.

You collected 46 gold pieces.

Inventory:

Hand Weapons
 a - a +0 short sword
 e - a +3 dagger of draining (weapon)
Armour
 b - a +1 robe (worn)
Jewellery
 j - a ring of poison resistance (left hand)
Scrolls
 n - a scroll of poison
Potions
 d - 2 potions of degeneration {unknown}
 h - a potion of curing {unknown}
 k - a potion of resistance {unknown}
 l - a potion of attraction {unknown}
 m - a potion of invisibility {unknown}


   Skills:
 * Level 4.0 Fighting
 * Level 5.7 Short Blades
 * Level 4.5 Dodging
 * Level 5.8 Stealth


You had 5 spell levels left.
You didn't know any spells.
Your spell library was empty.

Dungeon Overview and Level Annotations

Branches:
Dungeon (3/15)              Sewer (1/1)

Altars:


Innate Abilities, Weirdness & Mutations

You are small and have problems with some larger weapons.
You are completely attuned to the shadows.


Message History

As you read the scroll labelled XINLIY ZIHIAQO, it crumbles to dust.
It is a scroll of identify.
n - a scroll of poison You feel sick.
The adder misses you. The ball python closely misses you.
The ball python constricts you. The bullfrog hits you. x2
The adder bites you but does no damage. The adder closely misses you.
The ball python bites you.
* * * LOW HITPOINT WARNING * * *
The ball python constricts you.
As you read the scroll labelled FASUOH XOJUMMI, it crumbles to dust.
It is a scroll of enchant armour.
Your +0 robe glows green for a moment.
You feel sick.
You are no longer poisoned.
The bullfrog misses you. The bullfrog closely misses you.
The adder misses you. x2
The ball python barely misses you. The ball python constricts you.
* * * LOW HITPOINT WARNING * * *
The bullfrog hits you.
* * * LOW HITPOINT WARNING * * *
The bullfrog hits you.
* * * LOW HITPOINT WARNING * * *
As you read the scroll labelled OSAJAE ULIEGA, it crumbles to dust.
Magic quickly surges around you.
It was a scroll of vulnerability.
The adder closely misses you. The bullfrog completely misses you.
The adder bites you.
* * * LOW HITPOINT WARNING * * *
The bullfrog hits you.
* * * LOW HITPOINT WARNING * * *
The ball python misses you. The ball python constricts you.
* * * LOW HITPOINT WARNING * * *
The adder misses you.
You are confused.
You feel invigorated. The bullfrog completely misses you.
The bullfrog closely misses you. The adder bites you.
* * * LOW HITPOINT WARNING * * *
The ball python closely misses you. The ball python constricts you.
The adder bites you.
* * * LOW HITPOINT WARNING * * *
You are lethally poisoned!
The adder poisons you! The bullfrog hits you!
You die...

#####################
##..≈≈≈≈≈~~≈≈≈≈≈≈~~...
....≈≈≈≈~≈~..~#≈≈≈~...
....~~~~~~#≈~≈~~SSJ...
....~~~~≈~~≈≈~≈~@FS~..
..††~~≈≈~≈≈≈≈≈≈≈FS~~..
....~≈≈≈≈≈≈≈≈≈≈≈≈~~#..
..################## #
.#### .#..# .'..#
##### †##


You could see 2 bullfrogs, 2 adders, an endoplasm (weak-willed) and 2 ball
pythons.

Vanquished Creatures
  Jessica (D:3)
  7 river rats (Sewer)
  7 adders
  A dart slug (D:1)
  7 endoplasms
  3 giant cockroaches
  3 goblins
  4 hobgoblins
  7 quokkas
  11 ball pythons
  3 bats (D:1)
  2 frilled lizards
  4 kobolds
  24 rats
84 creatures vanquished.

Notes
Turn   | Place    | Note
-------+----------+-------------------------------------------
     0 | D:1      | CrazyBamboolord the Kobold Monk began the quest for the
                  | Orb.
     0 | D:1      | Reached XP level 1. HP: 14/14 MP: 1/1
   239 | D:1      | Reached XP level 2. HP: 19/19 MP: 2/2
   248 | D:1      | Found a faded altar of an unknown god.
   629 | D:1      | Reached XP level 3. HP: 21/23 MP: 3/3
  1203 | D:2      | Reached XP level 4. HP: 29/29 MP: 4/4
  1322 | D:2      | Reached skill level 5 in Short Blades
  1523 | D:3      | Noticed Jessica
  1527 | D:3      | Killed Jessica
  1548 | D:3      | Reached XP level 5. HP: 33/33 MP: 5/5
  1548 | D:3      | Found a glowing drain.
  1563 | Sewer    | Entered a sewer
  1616 | Sewer    | Reached skill level 5 in Stealth
  1985 | Sewer    | Reached XP level 6. HP: 37/38 MP: 6/6
  2199 | Sewer    | Slain by a bullfrog

Illustrated notes

Levels and vault maps discovered:
D:1:      wander_arrival_peaceful_grave, layout_loops_ring,
          dreamdust_ecumenical_altar_angels_and_demons, minmay_distorted
D:2:      layout_loops_ring
D:3:      layout_loops_cross, led_xom_imps, mainiacjoe_overflow_alcove_4,
          portal_sewer_entry_f, uniq_crazy_yiuf_cottage, uniq_natasha,
          uniq_jessica, uniq_ijyb
Sewer:    sewer_minmay_w

Skill      XL: |  1  2  3  4  5 |
---------------+----------------+-----
Stealth        | 3 4 5 |  5.8
Dodging        | 4 |  4.5
Short Blades   | 5 |  5.7
Fighting       | 4 |  4.0

Action                     |  1- 3 |  4- 6 || total
---------------------------+-------+-------++-------
  Melee: Short sword       |    66 |     9 ||    75
         Dagger            |       |   179 ||   179
         Punch             |       |     4 ||     4
    Use: Scroll            |     1 |     7 ||     8
         Potion            |       |     1 ||     1
   Stab: Sleeping          |    21 |    13 ||    34
         Distracted        |     1 |     2 ||     3
 Armour: Robe              |     2 |    19 ||    21
  Dodge: Dodged            |    22 |   217 ||   239

Table legend: (Time is in decaauts)
 A = Elapsed time spent in this place.
 B = Non-inter-level travel time spent in this place.
 C = Inter-level travel time spent in this place.
 D = Time resting spent in this place.
 E = Time spent auto-exploring this place.
 F = Levels seen in this place.
 G = Mean time per level.
                   A        B        C        D        E       F      G
               +--------+--------+--------+--------+--------+-----+--------+
         Total |   2181 |   2143 |     38 |    157 |   1391 |   4 |  545.2 |
       Dungeon |   1545 |   1507 |     38 |      4 |   1227 |   3 |  515.0 |
         Sewer |    636 |    636 |      0 |    153 |    164 |   1 |  636.0 |
               +--------+--------+--------+--------+--------+-----+--------+

Top non-repeatable levels by time:
     D:1: 785 daAuts
     D:2: 717 daAuts
   Sewer: 636 daAuts
     D:3: 42 daAuts
